Map: Givre EC

Players

Worming

  • Race: Zerg Zerg
  • League: Diamond

Aurano - Winner!

  • Race: Protoss Protoss
  • League: Diamond

VOD

Have the link to the VOD?

Description

Time

  • Played on: June 17, 2016, 5:16 p.m.
  • Length: 8:43
Show
View Real Time Build Order
Export as new Build Order

Worming Zerg 

Build Orders: Hatch First 

Get SALT Encoding   

  12  0:01  Drone  
  13  0:14  Overlord  
  13  0:17  Drone  
  14  0:32  Drone x2  
  16  0:36  Drone  
  17  0:55  Hatchery  
  16  0:59  Drone  
  17  1:13  Spawning Pool  
  17  1:16  Drone  
  17  1:18  Drone  
  17  1:23  Drone  
  19  1:27  Extractor  
  19  1:30  Drone  
  19  1:43  Overlord  
  19  2:04  Queen  
  19  2:05  Zergling x4  
  19  2:06  Queen  
  25  2:09  Zergling x2  
  25  2:14  Drone  
  27  2:19  Drone  
  28  2:28  Metabolic Boost  
  28  2:40  Drone x4  
  32  2:48  Overlord  
  31  3:11  Hatchery  
  30  3:13  Drone x8  
  30  3:19  Drone x3  
  41  3:24  Overlord  
  41  3:40  Extractor x2, Roach Warren  
  38  3:48  Drone x3  
  39  3:49  Drone x2  
  39  3:50  Drone  
  39  3:51  Overlord  
  44  3:56  Zergling x2  
  45  4:03  Zergling x2  
  45  4:04  Zergling x2  
  47  4:23  Lair  
  47  4:25  Drone, Evolution Chamber  
  47  4:26  Drone, Evolution Chamber  
  47  4:27  Drone x8  
  55  4:37  Spore Crawler  
  54  4:38  Spore Crawler  
  54  4:41  Spore Crawler  
  52  4:52  Overlord  
  52  4:53  Roach x4  
  52  4:55  Zerg Missile Weapons Level 1  
  60  5:01  Zerg Ground Armor Level 1  
  60  5:04  Drone x3  
  63  5:16  Pneumatized Carapace  
  63  5:19  Overlord  
  63  5:24  Glial Reconstitution  
  63  5:26  Drone x2  
  63  5:28  Drone x2  
  67  5:29  Drone x3  
  70  5:36  Drone x2  
  70  5:37  Drone, Extractor  
  70  5:38  Drone x2  
  70  5:39  Roach x2  
  78  5:44  Queen  
  80  5:54  Drone x2  
  82  6:00  Overlord x2  
  82  6:02  Hydralisk Den  
  80  6:04  Ravager  
  81  6:12  Overlord x2  
  81  6:15  Overlord  
  81  6:19  Ravager x4  
  81  6:20  Ravager  
  81  6:21  Zergling x12  
  92  6:26  Zergling x4, Roach x2  
  97  6:43  Zergling x6, Roach x5  
  109  6:52  Roach x2  
  109  6:53  Roach x2  
  115  7:01  Roach x2  
  115  7:03  Overlord x2  
  110  7:13  Roach x4  
  106  7:19  Roach  
  106  7:20  Roach  
  97  7:26  Zergling x6  
  97  7:29  Muscular Augments  
  71  7:40  Ravager x2  
  71  7:41  Ravager  
  71  7:45  Hydralisk  
  71  7:46  Zergling x6, Hatchery  
  74  8:00  Hydralisk  
  74  8:01  Zergling x2, Hydralisk x3  
  74  8:02  Zergling x10  
  82  8:15  Hatchery  
Show
View Real Time Build Order
Export as new Build Order

Aurano Protoss - Winner!

Build Orders: 1 Gate Expand 

Get SALT Encoding   

  12  0:01  Probe (Chrono Boost)  
  13  0:11  Probe (Chrono Boost)  
  14  0:18  Pylon  
  14  0:22  Probe (Chrono Boost)  
  15  0:37  Probe (Chrono Boost)  
  15  0:39  Gateway  
  16  0:47  Probe (Chrono Boost)  
  16  0:48  Assimilator  
  17  0:58  Probe (Chrono Boost)  
  18  1:07  Pylon  
  18  1:10  Probe (Chrono Boost)  
  19  1:20  Probe (Chrono Boost)  
  20  1:37  Nexus  
  20  1:46  Cybernetics Core  
  20  1:53  Assimilator  
  20  1:55  Probe (Chrono Boost)  
  21  2:06  Probe (Chrono Boost)  
  22  2:16  Probe (Chrono Boost)  
  23  2:24  Pylon  
  23  2:27  Mothership Core (Chrono Boost)  
  23  2:28  Adept  
  27  2:32  Warp Gate (Chrono Boost)  
  27  2:47  Probe  
  27  2:48  Probe  
  29  2:53  Gateway  
  29  2:54  Gateway  
  29  3:03  Stalker  
  31  3:08  Probe  
  31  3:09  Probe  
  33  3:19  Probe  
  33  3:21  Probe  
  33  3:25  Robotics Facility  
  35  3:34  Sentry  
  37  3:37  Probe  
  37  3:38  Probe  
  39  3:47  Probe  
  39  3:50  Probe  
  39  3:54  Twilight Council  
  41  3:58  Probe  
  41  4:02  Probe  
  43  4:04  Sentry  
  43  4:08  Probe  
  45  4:10  Assimilator  
  45  4:14  Probe, Assimilator  
  45  4:15  Pylon  
  45  4:16  Immortal  
  47  4:22  Probe  
  52  4:26  Probe, Pylon  
  52  4:30  Resonating Glaives (Chrono Boost)  
  53  4:40  Probe x2  
  53  4:42  Adept  
  53  4:43  Adept x2  
  61  4:52  Probe x2  
  63  4:54  Immortal  
  67  5:04  Adept  
  67  5:07  Probe  
  70  5:12  Pylon  
  70  5:24  Pylon  
  70  5:25  Pylon  
  70  5:28  Gateway x2, Warp Prism  
  70  5:30  Sentry x2  
  70  5:31  Sentry  
  78  5:45  Pylon  
  78  5:53  Gateway  
  78  5:56  Gateway x2  
  78  6:06  Stalker x3  
  84  6:28  Stalker x2  
  84  6:29  Stalker  
  84  6:30  Adept x2  
  94  6:52  Adept x4  
  98  7:01  Sentry  
  86  7:17  Stalker x4  
  80  7:25  Stalker x2  
  80  7:26  Adept x2  
  82  7:40  Adept  
  82  7:41  Adept x3  
  90  7:55  Sentry x2  
  90  7:56  Sentry x2  
  98  7:59  Pylon  
  98  8:01  Pylon  
  98  8:16  Adept x2  
  98  8:17  Adept x2  
  106  8:32  Stalker  
  106  8:33  Stalker x3  
Tags
 
Add a new tag
Caveats
  • Supply blocks, unpowered buildings, or Contaminate may cause inaccurate times.
  • Supply counts are checked every 10 seconds.